 Dungeon Crawl Stone Soup version 0.26-a0-1033-gd598b01645 (webtiles) character file.

Game seed: 6605137152816957299

1135 sahdkjhfkaj the Digger (level 8, -3/67 HPs)
             Began as a Troll Earth Elementalist on Dec 11, 2020.
             Slain by a wyvern (16 damage)
             ... on level 5 of the Dungeon.
             The game lasted 00:03:41 (4040 turns).

sahdkjhfkaj the Digger (Troll Earth Elementalist)   Turns: 4040, Time: 00:03:41

Health: -3/67      AC:  9    Str: 17    XL:     8   Next: 14%
Magic:  8/8        EV: 10    Int: 13    God:
Gold:   117        SH:  0    Dex: 10    Spells: 8/9 levels left

rFire    . . .     SeeInvis +     - Unarmed
rCold    . . .     Faith    .   (no shield)
rNeg     . . .     Spirit   .   G - +2 robe of Shadows and Fog {Harm *Slow rElec SInv}
rPois    .         Reflect  .   (helmet restricted)
rElec    +         Harm     +   j - +0 cloak
rCorr    .         Rampage  .   (gloves unavailable)
Will     .....                  (boots unavailable)
Stlth    ++........             (no amulet)
HPRegen  0.61/turn              d - ring of stealth
MPRegen  0.11/turn              s - +4 ring of slaying

@: no status effects
A: large, unfitting armour, claws 3, regeneration 1, shaggy fur 1, tough skin 3
a: no special abilities


You were on level 5 of the Dungeon.
You visited 1 branch of the dungeon, and saw 5 of its levels.

You collected 253 gold pieces.
You spent 136 gold pieces at shops.

Inventory:

Missiles
 b - 150 stones (quivered)
 g - 2 throwing nets {!f}
Armour
 j - a +0 cloak (worn)
 G - the +2 robe of Shadows and Fog (worn) {Harm *Slow rElec SInv}
   (You bought it in a shop on level 5 of the Dungeon)

   It insulates you from electricity.
   It lets you see invisible.
   It may slow you when you take damage.
   It increases damage dealt and taken.
Jewellery
 d - a ring of stealth (left claw)
 k - a cursed ring of teleportation {unknown}
 s - a +4 ring of slaying (right claw)
 u - an uncursed ring of see invisible {unknown}
 w - an uncursed ring of protection from cold {unknown}
Wands
 v - a wand of digging (2) {@v1}
 x - a wand of flame (17)
 B - a wand of acid (12) {@v2}
Scrolls
 e - 4 scrolls of remove curse {@r2}
 f - 2 scrolls of noise
 i - a scroll of fog
 m - a scroll of enchant armour
 o - a scroll of random uselessness {unknown}
 p - 4 scrolls of blinking {unknown}
 y - a scroll of teleportation {@r3}
 z - a scroll of amnesia {unknown}
 C - a scroll of fear {unknown}
 D - 2 scrolls of magic mapping {unknown}
 F - 2 scrolls of identify {@r1}
Potions
 a - 2 potions of heal wounds {@q2}
 c - a potion of lignification {unknown}
 h - a potion of might {unknown}
 l - 2 potions of flight {unknown}
 n - 3 potions of curing {unknown}
 r - a potion of mutation {unknown}
 t - a potion of haste {unknown}
 A - a potion of ambrosia {unknown}
 E - a potion of magic {unknown}


   Skills:
 - Level 1.5 Dodging
 - Level 1.0 Stealth
 + Level 4.0 Unarmed Combat
 - Level 1.2 Spellcasting
 * Level 4.6 Transmutations
 * Level 6.1 Earth Magic


You had 8 spell levels left.
You knew the following spells:

 Your Spells              Type           Power        Failure   Level
a - Sandblast             Erth           ###...       2%          1

Your spell library contained the following spells:

 Spells                   Type           Power        Failure   Level
 Passwall                 Tmut/Erth      ##......     4%          2
 Stone Arrow              Conj/Erth      #.....       24%         3
 Petrify                  Tmut/Erth      ##......     30%         4
 Lee's Rapid Deconstruct  Erth           ###.......   52%         5


Dungeon Overview and Level Annotations

Branches:
Dungeon (5/15)
 Temple: D:4-7

Altars:
Dithmenos
Kikubaaqudgha
Okawaru
Xom

Shops:
D:5 [


Innate Abilities, Weirdness & Mutations

You are too large for most types of armour.
You have claws for hands.
Your natural rate of healing is unusually fast.
You are covered in fur. (AC +1)
You have extremely tough skin. (AC +3)


Message History

You are too injured to fight recklessly!
You are too injured to fight recklessly!
Unknown command.
You are too injured to fight recklessly!
A wyvern is nearby!
A wyvern is nearby!
A wyvern is nearby!
A wyvern is nearby!
You scratch the wyvern but do no damage.
The wyvern is moderately wounded.
The wyvern closely misses you. The wyvern bites you.
* * * LOW HITPOINT WARNING * * *
You claw the wyvern!
The wyvern is heavily wounded.
The wyvern bites you!
* * * LOW HITPOINT WARNING * * *
You scratch the wyvern.
The wyvern is severely wounded.
The wyvern bites you!
You die...

########### #.......#.. #.
#.#####.#.# #.# #.# #.#.# #.# #.#
#.#.# ############ #.# #.# #.#.#
#..........## #.# #.#####.#l#
#............ #.# #.......#@#
#..........##
###.####†#######/####............
............................####.
###.####.#..##.#.####..........#.
...............#............#..#.
....##################....#.#.##.
....# #..##≈≈###..###....#.#....
.##.# #..#.≈≈.#.##.##.#..#.#####
###.####..#.≈≈.#8###.##...#...)..


You could see a wyvern.

Vanquished Creatures
  Grinder (D:3)
  A phantom (D:4)
  A centaur (D:5)
  2 scorpions
  2 howler monkeys
  A bullfrog zombie (D:5)
  An orc wizard (D:5)
  2 orc priests
  A centaur skeleton (D:4)
  A hound (D:5)
  2 bullfrog skeletons
  3 worker ants
  An iguana (D:4)
  7 adders
  7 gnolls (D:4)
  A white imp (D:5)
  An ufetubus (D:5)
  3 worms
  A dart slug (D:2)
  A leopard gecko (D:3)
  16 orcs
  8 bats
  6 giant cockroaches
  6 goblins
  5 hobgoblins
  10 jackals
  9 kobolds
  A quokka (D:5)
  5 frilled lizards
  A leopard gecko skeleton (D:4)
  A leopard gecko zombie (D:5)
  A quokka skeleton (D:4)
  6 rats
115 creatures vanquished.

Notes
Turn   | Place    | Note
-------+----------+-------------------------------------------
     0 | D:1      | sahdkjhfkaj the Troll Earth Elementalist began the quest
                  | for the Orb.
     0 | D:1      | Reached XP level 1. HP: 16/16 MP: 1/1
   136 | D:1      | Reached skill level 1 in Transmutations
   168 | D:1      | Reached XP level 2. HP: 24/24 MP: 2/2
   183 | D:1      | Reached skill level 3 in Earth Magic
   758 | D:2      | Reached skill level 1 in Unarmed Combat
   771 | D:2      | Reached XP level 3. HP: 31/31 MP: 3/3
  1292 | D:2      | Found an ancient bone altar of Kikubaaqudgha.
  1588 | D:3      | Found an iron altar of Okawaru.
  1685 | D:3      | Reached XP level 4. HP: 35/39 MP: 4/4
  1916 | D:3      | Found a shadowy altar of Dithmenos.
  1928 | D:3      | Noticed Grinder
  1948 | D:3      | Killed Grinder
  1949 | D:3      | Reached skill level 4 in Earth Magic
  1949 | D:3      | Reached XP level 5. HP: 31/45 MP: 5/5
  1949 | D:3      | Reached XP level 6. HP: 37/53 MP: 6/6
  2357 | D:4      | Found a shadowy altar of Dithmenos.
  2545 | D:4      | Reached skill level 5 in Earth Magic
  2545 | D:4      | Reached XP level 7. HP: 56/59 MP: 7/7
  3085 | D:5      | Entered Level 5 of the Dungeon
  3085 | D:5      | Found Houd's Antique Armour Shop.
  3305 | D:5      | Bought a heavily jewelled robe for 136 gold pieces
  3315 | D:5      | Identified the +2 robe of Shadows and Fog {Harm *Slow rElec
                  | SInv} (You bought it in a shop on level 5 of the Dungeon)
  3611 | D:5      | Reached skill level 6 in Earth Magic
  3611 | D:5      | Reached XP level 8. HP: 67/67 MP: 8/8
  3655 | D:5      | Found a shimmering altar of Xom.
  4040 | D:5      | Slain by a wyvern

Illustrated notes

Levels and vault maps discovered:
D:1:      mrwooster_arrival_statue_2, layout_basic
D:2:      layout_basic, marbit_many_paths, grunt_ministairs_13,
          kennysheep_generic_room_10
D:3:      layout_loops_corners, okawaru_ov_weapons_minmay,
          overflow_temple_1_default, uniq_grinder
D:4:      layout_cave_pools, nicolae_dithmenos_shadow_blocks
D:5:      wad_river_or_something, layout_basic, general_overflow_altar,
          serial_shops, shop

Skill      XL: |  1  2  3  4  5  6  7  8 |
---------------+-------------------------+-----
Transmutations | 1 2 3 4 |  4.6
Earth Magic    | 3 4 5 6 |  6.1
Unarmed Combat | 1 2 3 4 |  4.0
Dodging        | |  1.5
Stealth        | |  1.0
Spellcasting   | |  1.2

Action                   |  1- 3 |  4- 6 |  7- 9 || total
-------------------------+-------+-------+-------++-------
Melee: Unarmed           |   168 |   105 |   113 ||   386
       Punch             |       |       |     2 ||     2
  Use: Potion            |       |     1 |       ||     1
       Scroll            |       |     5 |       ||     5
 Stab: Sleeping          |     7 |     3 |     1 ||    11
Armor: Robe              |    78 |    36 |    50 ||   164
Dodge: Dodged            |   101 |    66 |    55 ||   222

Table legend: (Time is in decaauts)
 A = Elapsed time spent in this place.
 B = Non-inter-level travel time spent in this place.
 C = Inter-level travel time spent in this place.
 D = Time resting spent in this place.
 E = Time spent auto-exploring this place.
 F = Levels seen in this place.
 G = Mean time per level.
                   A        B        C        D        E       F      G
               +--------+--------+--------+--------+--------+-----+--------+
         Total |   4029 |   3979 |     50 |    106 |   3070 |   5 |  805.8 |
       Dungeon |   4029 |   3979 |     50 |    106 |   3070 |   5 |  805.8 |
               +--------+--------+--------+--------+--------+-----+--------+

Top non-repeatable levels by time:
     D:2: 1028 daAuts
     D:4: 907 daAuts
     D:3: 842 daAuts
     D:5: 778 daAuts
     D:1: 473 daAuts
